| TOP OF THE 1ST |
|
Wisconsin Timber Rattlers batting - Pitching for Hagerstown Suns : RHP Matt Seivert
|
|
Pitching: RHP Matt Seivert
|
|
|
Batting: SHB Aaron Neill
|
0-0: Ball 1-0: Ball 2-0: Called Strike 2-1: Called Strike 2-2: Fly out, F9 (Flyball, 9LSF, EV 83.8 MPH)
|
|
Batting: RHB Jose Cerritos
|
0-0: DOUBLE (Line Drive, 89M, EV 91.2 MPH)
|
|
Batting: LHB Karel Hort
|
0-0: Ball 1-0: DOUBLE (Flyball, 78XD, EV 107.5 MPH) Jose Cerritos scores
|
|
Batting: SHB Craig Wright
|
0-0: Called Strike 0-1: Called Strike 0-2: Ball 1-2: Ground out 6-3 (Groundball, 6, EV 109.4 MPH)
|
|
Batting: RHB Victor Alarcon
|
0-0: Ball 1-0: Ball 2-0: Ball 3-0: Base on Balls
|
|
Batting: LHB Umar Matoub
|
0-0: Ball 1-0: Ball 2-0: Called Strike 2-1: Ball 3-1: Base on Balls Karel Hort to third Victor Alarcon to second
|
|
Batting: LHB Sal Burgos
|
0-0: Swinging Strike 0-1: Swinging Strike 0-2: Strikes out swinging
|
| Top of the 1st over - 1 run, 2 hits, 0 errors, 3 left on base; Wisconsin 1 - Hagerstown 0 |
| BOTTOM OF THE 1ST |
|
Hagerstown Suns batting - Pitching for Wisconsin Timber Rattlers : RHP Danny Newbegin
|
|
Pitching: RHP Danny Newbegin
|
|
|
Batting: RHB Bobby Bricker
|
0-0: Called Strike 0-1: Fly out, F9 (Flyball, 89D, EV 103.1 MPH)
|
|
Batting: RHB John McNeill
|
0-0: Swinging Strike 0-1: Swinging Strike 0-2: Ball 1-2: Ball 2-2: Ground out 6-3 (Groundball, 6, EV 99.4 MPH)
|
|
Batting: LHB Chance McWilliams
|
0-0: Ball 1-0: Foul Ball, location: 2F 1-1: Swinging Strike 1-2: Foul Ball, location: 2F 1-2: SOLO HOME RUN (Flyball, 9D, EV 92.5 MPH), Distance : 363 ft
|
|
Batting: RHB Nick Moreno
|
0-0: Called Strike 0-1: Called Strike 0-2: Ball 1-2: Ball 2-2: Foul Ball, location: 2F 2-2: Foul Ball, location: 2F 2-2: Strikes out looking
|
| Bottom of the 1st over - 1 run, 1 hit, 0 errors, 0 left on base; Wisconsin 1 - Hagerstown 1 |
| TOP OF THE 2ND |
|
Wisconsin Timber Rattlers batting - Pitching for Hagerstown Suns : RHP Matt Seivert
|
|
Batting: RHB Juan Villanueva
|
0-0: Ball 1-0: Called Strike 1-1: Called Strike 1-2: Ball 2-2: Ground out 5-3 (Groundball, 56S, EV 86.2 MPH)
|
|
Batting: RHB Dusty Bates
|
0-0: Ball 1-0: Ball 2-0: Swinging Strike 2-1: Called Strike 2-2: Foul Ball, location: 2F 2-2: Ball 3-2: Foul Ball, location: 2F 3-2: Ground out 6-3 (Groundball, 6M, EV 81.2 MPH)
|
|
Batting: SHB Aaron Neill
|
0-0: Called Strike 0-1: Fly out, F9 (Flyball, 89M, EV 98.8 MPH)
|
| Top of the 2nd over - 0 runs, 0 hits, 0 errors, 0 left on base; Wisconsin 1 - Hagerstown 1 |
| BOTTOM OF THE 2ND |
|
Hagerstown Suns batting - Pitching for Wisconsin Timber Rattlers : RHP Danny Newbegin
|
|
Batting: RHB Seth Rutz
|
0-0: Called Strike 0-1: Swinging Strike 0-2: Foul Ball, location: 2F 0-2: Strikes out swinging
|
|
Batting: RHB John Savard
|
0-0: Foul Ball, location: 2F 0-1: Called Strike 0-2: Ball 1-2: Foul Ball, location: 2F 1-2: Ball 2-2: Strikes out swinging
|
|
Batting: RHB Jim Towle
|
0-0: Called Strike 0-1: Foul Ball, location: 2F 0-2: Strikes out swinging
|
| Bottom of the 2nd over - 0 runs, 0 hits, 0 errors, 0 left on base; Wisconsin 1 - Hagerstown 1 |
| TOP OF THE 3RD |
|
Wisconsin Timber Rattlers batting - Pitching for Hagerstown Suns : RHP Matt Seivert
|
|
Batting: RHB Jose Cerritos
|
0-0: Called Strike 0-1: Called Strike SINGLE, rundown, out at 1st!
|
|
Batting: LHB Karel Hort
|
0-0: Swinging Strike 0-1: Foul Ball, location: 2F 0-2: Ball 1-2: Strikes out swinging
|
|
Batting: SHB Craig Wright
|
0-0: Called Strike 0-1: Ground out 4-3 (Groundball, 4, EV 102.5 MPH)
|
| Top of the 3rd over - 0 runs, 1 hit, 0 errors, 0 left on base; Wisconsin 1 - Hagerstown 1 |
| BOTTOM OF THE 3RD |
|
Hagerstown Suns batting - Pitching for Wisconsin Timber Rattlers : RHP Danny Newbegin
|
|
Batting: RHB Antonio Vallez
|
0-0: Ground out 1-3 (Groundball, 34S, EV 70.6 MPH)
|
|
Batting: RHB Jelexiz Cuenca
|
0-0: Foul Ball, location: 2F 0-1: Ball 1-1: DOUBLE (Groundball, 5L, EV 103.1 MPH)
|
|
Batting: RHB Bobby Bricker
|
0-0: Foul Ball, location: 2F 0-1: Ball 1-1: Swinging Strike 1-2: Ball 2-2: Ball 3-2: Strikes out swinging
|
|
Batting: RHB John McNeill
|
0-0: Foul Ball, location: 2F 0-1: SINGLE (Line Drive, 56, EV 103.8 MPH) Jelexiz Cuenca to third Runner from 3rd tries for Home, SAFE, throw by LF to home
|
|
Batting: LHB Chance McWilliams
|
0-0: Ball 1-0: Called Strike 1-1: SINGLE (Line Drive, 8RS, EV 106.9 MPH) John McNeill to second
|
|
Batting: RHB Nick Moreno
|
0-0: Foul Ball, location: 2F 0-1: Ball 1-1: Ball 2-1: Ball 3-1: Called Strike 3-2: Fly out, F9 (Flyball, 9S, EV 91.9 MPH)
|
| Bottom of the 3rd over - 1 run, 3 hits, 0 errors, 2 left on base; Wisconsin 1 - Hagerstown 2 |
| TOP OF THE 4TH |
|
Wisconsin Timber Rattlers batting - Pitching for Hagerstown Suns : RHP Matt Seivert
|
|
Batting: RHB Victor Alarcon
|
0-0: Ball 1-0: Ground out 6-3 (Groundball, 6D, EV 106.2 MPH)
|
|
Batting: LHB Umar Matoub
|
0-0: Ball 1-0: Ball 2-0: Called Strike 2-1: Foul Ball, location: 2F 2-2: Foul Ball, location: 2F 2-2: Ball 3-2: Strikes out swinging
|
|
Batting: LHB Sal Burgos
|
0-0: Called Strike 0-1: Foul Ball, location: 2F 0-2: Foul Ball, location: 2F 0-2: Ball 1-2: Ball 2-2: Ball 3-2: Foul Ball, location: 2F 3-2: SOLO HOME RUN (Flyball, 7LD, EV 93.1 MPH), Distance : 344 ft
|
|
Batting: RHB Juan Villanueva
|
0-0: Ball 1-0: Called Strike 1-1: Called Strike 1-2: Foul Ball, location: 2F 1-2: Ball 2-2: SINGLE (Line Drive, 89M, EV 95.6 MPH)
|
|
Batting: RHB Dusty Bates
|
0-0: Ground out 4-3 (Groundball, 4, EV 106.2 MPH)
|
| Top of the 4th over - 1 run, 2 hits, 0 errors, 1 left on base; Wisconsin 2 - Hagerstown 2 |
| BOTTOM OF THE 4TH |
|
Hagerstown Suns batting - Pitching for Wisconsin Timber Rattlers : RHP Danny Newbegin
|
|
Batting: RHB Seth Rutz
|
0-0: Ball 1-0: SINGLE (Flyball, 89M, EV 96.2 MPH)
|
|
Batting: RHB John Savard
|
0-0: Ball 1-0: Reached on error, E1 (Groundball, 23, EV 71.9 MPH) Seth Rutz to second
|
|
Batting: RHB Jim Towle
|
0-0: Ball Passed Ball! Seth Rutz to third John Savard to second 1-0: Ball 2-0: SINGLE (Groundball, 25, EV 65.0 MPH) (infield hit)
|
|
Batting: RHB Antonio Vallez
|
0-0: Ball 1-0: Grounds into double play, 5-4-3 (Groundball, 56, EV 106.2 MPH) Seth Rutz scores John Savard to third
|
|
Batting: RHB Jelexiz Cuenca
|
0-0: Ground out 6-3 (Groundball, 6, EV 83.1 MPH)
|
| Bottom of the 4th over - 1 run, 2 hits, 1 error, 1 left on base; Wisconsin 2 - Hagerstown 3 |
| TOP OF THE 5TH |
|
Wisconsin Timber Rattlers batting - Pitching for Hagerstown Suns : RHP Matt Seivert
|
|
Batting: SHB Aaron Neill
|
0-0: Ball 1-0: Ball 2-0: Ball 3-0: DOUBLE (Line Drive, 78D, EV 105.6 MPH)
|
|
Batting: RHB Jose Cerritos
|
0-0: Called Strike 0-1: Ball 1-1: Ground out U3 (Groundball, 34S, EV 91.9 MPH) Aaron Neill to third
|
|
Batting: LHB Karel Hort
|
0-0: Ball 1-0: Called Strike 1-1: Foul Ball, location: 2F Balk! Aaron Neill scores 1-2: Fly out, F9 (Flyball, 9, EV 78.8 MPH)
|
|
Batting: SHB Craig Wright
|
0-0: DOUBLE (Flyball, 8LD, EV 93.1 MPH)
|
|
Batting: RHB Victor Alarcon
|
0-0: Called Strike 0-1: Ball 1-1: Swinging Strike 1-2: Ball 2-2: Strikes out swinging
|
| Top of the 5th over - 1 run, 2 hits, 0 errors, 1 left on base; Wisconsin 3 - Hagerstown 3 |
| BOTTOM OF THE 5TH |
|
Hagerstown Suns batting - Pitching for Wisconsin Timber Rattlers : RHP Danny Newbegin
|
|
Batting: RHB Bobby Bricker
|
0-0: Swinging Strike 0-1: Foul Ball, location: 2F 0-2: Ball 1-2: Fly out, F8 (Flyball, 8RXD, EV 103.1 MPH)
|
|
Batting: RHB John McNeill
|
0-0: Foul Ball, location: 2F 0-1: Swinging Strike 0-2: Strikes out swinging
|
|
Batting: LHB Chance McWilliams
|
0-0: Called Strike 0-1: Swinging Strike 0-2: Ball 1-2: Ground out 1-3 (Groundball, 15S, EV 71.2 MPH)
|
| Bottom of the 5th over - 0 runs, 0 hits, 0 errors, 0 left on base; Wisconsin 3 - Hagerstown 3 |
| TOP OF THE 6TH |
|
Wisconsin Timber Rattlers batting - Pitching for Hagerstown Suns : RHP Matt Seivert
|
|
Batting: LHB Umar Matoub
|
0-0: Called Strike 0-1: Called Strike 0-2: Strikes out swinging
|
|
Pitching: RHP Luis Astudillo
|
|
|
Batting: LHB Sal Burgos
|
0-0: Foul Ball, location: 2F 0-1: Ball 1-1: Ground out 6-3 (Groundball, 4M, EV 90.6 MPH)
|
|
Batting: RHB Juan Villanueva
|
0-0: Foul Ball, location: 2F 0-1: Swinging Strike 0-2: Ball 1-2: Strikes out swinging
|
| Top of the 6th over - 0 runs, 0 hits, 0 errors, 0 left on base; Wisconsin 3 - Hagerstown 3 |
| BOTTOM OF THE 6TH |
|
Hagerstown Suns batting - Pitching for Wisconsin Timber Rattlers : RHP Danny Newbegin
|
|
Batting: RHB Nick Moreno
|
0-0: Called Strike 0-1: SINGLE (Line Drive, 89S, EV 94.4 MPH)
|
|
Batting: RHB Seth Rutz
|
0-0: Ball 1-0: Called Strike 1-1: Ball 2-1: Foul Ball, location: 2F 2-2: Ball 3-2: Grounds into double play, 5-4-3 (Groundball, 15, EV 81.2 MPH)
|
|
Batting: RHB John Savard
|
0-0: Ball 1-0: Ball 2-0: Swinging Strike 2-1: Fly out, F7 (Line Drive, 78D, EV 108.1 MPH)
|
| Bottom of the 6th over - 0 runs, 1 hit, 0 errors, 0 left on base; Wisconsin 3 - Hagerstown 3 |
| TOP OF THE 7TH |
|
Wisconsin Timber Rattlers batting - Pitching for Hagerstown Suns : RHP Luis Astudillo
|
|
Batting: RHB Dusty Bates
|
0-0: Ball 1-0: Ground out 5-3 (Groundball, 56S, EV 80.0 MPH)
|
|
Batting: SHB Aaron Neill
|
0-0: Swinging Strike 0-1: Foul Ball, location: 2F 0-2: Ball 1-2: SINGLE (Groundball, 34D, EV 104.4 MPH)
|
|
Batting: RHB Jose Cerritos
|
0-0: Ball Aaron Neill is caught stealing 2nd base 2-4 1-0: Foul Ball, location: 2F 1-1: Called Strike 1-2: Strikes out looking
|
| Top of the 7th over - 0 runs, 1 hit, 0 errors, 0 left on base; Wisconsin 3 - Hagerstown 3 |
| BOTTOM OF THE 7TH |
|
Hagerstown Suns batting - Pitching for Wisconsin Timber Rattlers : RHP Danny Newbegin
|
|
Batting: RHB Jim Towle
|
0-0: Ball 1-0: Foul Ball, location: 2F 1-1: Ball 2-1: Foul Ball, location: 2F 2-2: Ball 3-2: Foul Ball, location: 2F 3-2: Fly out, F7 (Flyball, 78S, EV 88.8 MPH)
|
|
Batting: RHB Antonio Vallez
|
0-0: Swinging Strike 0-1: Fly out, F9 (Flyball, 9LD, EV 102.5 MPH)
|
|
Batting: RHB Jelexiz Cuenca
|
0-0: Called Strike 0-1: Ball 1-1: Swinging Strike 1-2: Strikes out looking
|
| Bottom of the 7th over - 0 runs, 0 hits, 0 errors, 0 left on base; Wisconsin 3 - Hagerstown 3 |
| TOP OF THE 8TH |
|
Wisconsin Timber Rattlers batting - Pitching for Hagerstown Suns : RHP Luis Astudillo
|
|
Batting: LHB Karel Hort
|
0-0: Foul Ball, location: 2F 0-1: Foul Ball, location: 2F 0-2: Ground out 3-1 (Groundball, 34, EV 103.8 MPH)
|
|
Batting: SHB Craig Wright
|
0-0: Ball 1-0: Foul Ball, location: 2F 1-1: Called Strike 1-2: Fly out, F7 (Flyball, 7, EV 95.0 MPH)
|
|
Batting: RHB Victor Alarcon
|
0-0: Ball 1-0: Ball 2-0: Foul Ball, location: 2F 2-1: Swinging Strike 2-2: Foul Ball, location: 2F 2-2: Ball 3-2: Foul Ball, location: 2F 3-2: Foul Ball, location: 2F 3-2: SINGLE (Groundball, 56D, EV 103.1 MPH)
|
|
Batting: LHB Umar Matoub
|
0-0: Called Strike Victor Alarcon steals 2nd base 0-1: Hit by Pitch
|
|
Batting: LHB Sal Burgos
|
0-0: Ball 1-0: Foul Ball, location: 2F 1-1: Ball 2-1: Called Strike 2-2: Foul Ball, location: 2F 2-2: Foul Ball, location: 2F 2-2: Ball 3-2: Strikes out swinging
|
| Top of the 8th over - 0 runs, 1 hit, 0 errors, 2 left on base; Wisconsin 3 - Hagerstown 3 |
| BOTTOM OF THE 8TH |
|
Hagerstown Suns batting - Pitching for Wisconsin Timber Rattlers : RHP Danny Newbegin
|
|
Pitching: RHP Zack Sharp
|
|
|
Batting: RHB Bobby Bricker
|
0-0: Called Strike 0-1: Ball 1-1: Ball 2-1: Foul Ball, location: 2F 2-2: Fly out, F2 (Popup, 23F, EV 84.4 MPH)
|
|
Batting: RHB John McNeill
|
0-0: Ball 1-0: Foul Ball, location: 2F 1-1: SINGLE (Groundball, 56S, EV 73.1 MPH) (infield hit)
|
|
Batting: LHB Chance McWilliams
|
0-0: Called Strike John McNeill is caught stealing 2nd base 2-6 0-1: Ball 1-1: Called Strike 1-2: Ball 2-2: Foul Ball, location: 2F 2-2: Foul Ball, location: 2F 2-2: Strikes out swinging
|
| Bottom of the 8th over - 0 runs, 1 hit, 0 errors, 0 left on base; Wisconsin 3 - Hagerstown 3 |
| TOP OF THE 9TH |
|
Wisconsin Timber Rattlers batting - Pitching for Hagerstown Suns : RHP Luis Astudillo
|
|
Pitching: RHP Chris Doty
|
|
|
Batting: RHB Juan Villanueva
|
0-0: Foul Ball, location: 2F 0-1: Ball 1-1: Ball 2-1: SINGLE (Groundball, P, EV 84.4 MPH) (infield hit)
|
|
Pinch Hitting: SHB Sam Bingham
|
0-0: Called Strike 0-1: Swinging Strike 0-2: Strikes out swinging
|
|
Batting: SHB Aaron Neill
|
0-0: Called Strike 0-1: Ball 1-1: Foul Ball, location: 2F 1-2: Strikes out looking
|
|
Batting: RHB Jose Cerritos
|
0-0: Foul Ball, location: 2F 0-1: Foul Ball, location: 2F 0-2: Foul Ball, location: 2F 0-2: SINGLE (Groundball, 6MD, EV 109.4 MPH) Juan Villanueva to second Runner from 2nd tries for 3rd, SAFE, throw by CF made to third
|
|
Batting: LHB Karel Hort
|
0-0: Ball 1-0: Ball 2-0: Foul Ball, location: 2F 2-1: Ball 3-1: Foul Ball, location: 2F 3-2: Ground out 4-3 (Groundball, 4, EV 83.8 MPH)
|
| Top of the 9th over - 0 runs, 2 hits, 0 errors, 2 left on base; Wisconsin 3 - Hagerstown 3 |
| BOTTOM OF THE 9TH |
|
Hagerstown Suns batting - Pitching for Wisconsin Timber Rattlers : RHP Zack Sharp
|
|
Now at C: Chris Riddel
|
|
|
Batting: RHB Nick Moreno
|
0-0: SINGLE (Groundball, 56D, EV 110.6 MPH)
|
|
Batting: RHB Seth Rutz
|
0-0: Called Strike Nick Moreno steals 2nd base 0-1: Ball 1-1: Ball 2-1: Foul Ball, location: 2F 2-2: Foul Ball, location: 2F 2-2: Fly out, F8 (Flyball, 8RM, EV 94.4 MPH)
|
|
Batting: RHB John Savard
|
0-0: Called Strike 0-1: Ball 1-1: Ground out 4-3 (Groundball, 4, EV 83.8 MPH) Nick Moreno to third
|
|
Batting: RHB Jim Towle
|
0-0: Called Strike 0-1: Ball 1-1: Ball 2-1: Ground out 1-3 (Groundball, 34S, EV 67.5 MPH)
|
| Bottom of the 9th over - 0 runs, 1 hit, 0 errors, 1 left on base; Wisconsin 3 - Hagerstown 3 |
| TOP OF THE 10TH |
|
Wisconsin Timber Rattlers batting - Pitching for Hagerstown Suns : RHP Chris Doty
|
|
Batting: SHB Craig Wright
|
0-0: Foul Ball, location: 2F 0-1: Swinging Strike 0-2: Ball 1-2: Foul Ball, location: 2F 1-2: Foul Ball, location: 2F 1-2: Ball 2-2: Ball 3-2: Strikes out swinging
|
|
Batting: RHB Victor Alarcon
|
0-0: Called Strike 0-1: Foul Ball, location: 2F 0-2: Ball 1-2: Foul Ball, location: 2F 1-2: Fly out, F8 (Line Drive, 8LM, EV 90.6 MPH)
|
|
Batting: LHB Umar Matoub
|
0-0: Ball 1-0: Ground out U3 (Groundball, 3, EV 91.2 MPH)
|
| Top of the 10th over - 0 runs, 0 hits, 0 errors, 0 left on base; Wisconsin 3 - Hagerstown 3 |
| BOTTOM OF THE 10TH |
|
Hagerstown Suns batting - Pitching for Wisconsin Timber Rattlers : RHP Zack Sharp
|
|
Pitching: RHP Sal Contreras
|
|
|
Batting: RHB Antonio Vallez
|
0-0: Called Strike 0-1: Ball 1-1: Called Strike 1-2: Ball 2-2: Foul Ball, location: 2F 2-2: Strikes out looking
|
|
Pinch Hitting: LHB Bobby Adams
|
0-0: Ground out 6-3 (Groundball, 6, EV 87.5 MPH)
|
|
Batting: RHB Bobby Bricker
|
0-0: Swinging Strike 0-1: Swinging Strike 0-2: Strikes out swinging
|
| Bottom of the 10th over - 0 runs, 0 hits, 0 errors, 0 left on base; Wisconsin 3 - Hagerstown 3 |
| TOP OF THE 11TH |
|
Wisconsin Timber Rattlers batting - Pitching for Hagerstown Suns : RHP Chris Doty
|
|
Pitching: LHP Gregg Huddleston
|
|
|
Now at SS: Bobby Adams
|
|
|
Pinch Hitting: SHB Jerry Duffy
|
0-0: Ball 1-0: Called Strike 1-1: Ground out 5-3 (Groundball, 56S, EV 86.9 MPH)
|
|
Batting: RHB Juan Villanueva
|
0-0: Ball 1-0: Ball 2-0: Ball 3-0: Base on Balls
|
|
Batting: RHB Chris Riddel
|
0-0: SINGLE (Groundball, 6D, EV 105.0 MPH) Juan Villanueva to second
|
|
Batting: SHB Aaron Neill
|
0-0: Swinging Strike 0-1: Swinging Strike 0-2: Ball 1-2: Strikes out swinging
|
|
Batting: RHB Jose Cerritos
|
0-0: Called Strike 0-1: Swinging Strike 0-2: Ball 1-2: Ground out U3 (Groundball, 3, EV 103.1 MPH)
|
| Top of the 11th over - 0 runs, 1 hit, 0 errors, 2 left on base; Wisconsin 3 - Hagerstown 3 |
| BOTTOM OF THE 11TH |
|
Hagerstown Suns batting - Pitching for Wisconsin Timber Rattlers : RHP Sal Contreras
|
|
Now in LF: Jerry Duffy
|
|
|
Now in CF: Aaron Neill
|
|
|
Batting: RHB John McNeill
|
0-0: SINGLE (Groundball, 56S, EV 76.2 MPH) (infield hit)
|
|
Batting: LHB Chance McWilliams
|
0-0: Called Strike 0-1: Ball 1-1: Fielders Choice at 2nd, 4-6 (Groundball, 4, EV 101.9 MPH)
|
|
Batting: RHB Nick Moreno
|
0-0: Swinging Strike 0-1: Swinging Strike 0-2: Strikes out swinging
|
|
Batting: RHB Seth Rutz
|
0-0: SINGLE (Line Drive, 89S, EV 106.9 MPH) Chance McWilliams to second
|
|
Batting: RHB John Savard
|
0-0: Ball 1-0: Foul Ball, location: 2F 1-1: Swinging Strike 1-2: Foul Ball, location: 2F 1-2: Foul Ball, location: 2F 1-2: Foul Ball, location: 2F 1-2: Ball 2-2: Ball 3-2: SINGLE (Flyball, 8LS, EV 96.2 MPH) Chance McWilliams to third Seth Rutz to second Chance McWilliams scores Seth Rutz to third
|
| Bottom of the 11th over - 1 run, 3 hits, 0 errors, 2 left on base; Wisconsin 3 - Hagerstown 4 |
|